 Dungeon Crawl Stone Soup version 0.24.1-11-gbbbb2193e6 (webtiles) character file.

Game seed: 2396565499589615063, levelgen mode: deterministic

2037 Peloso the Shield-Bearer (level 9, 0/61 HPs)
             Began as a Demonspawn Fighter on May 13, 2020.
             Was a Believer of Okawaru.
             Succumbed to a killer bee's poison
             ... on level 8 of the Dungeon.
             The game lasted 00:16:51 (8098 turns).

Peloso the Shield-Bearer (Demonspawn Fighter)       Turns: 8098, Time: 00:16:51

Health: 0/61       AC: 14    Str: 20    XL:     9   Next: 4%
Magic:  9/10       EV:  3    Int:  9    God:    Okawaru [**....]
Gold:   318        SH: 15    Dex: 13    Spells: 8/8 levels left

rFire    . . .     SeeInvis .   a - +0 long sword
rCold    + . .     Gourm    .   c - +0 large shield
rNeg     . . .     Faith    .   l - +0 plate armour
rPois    .         Spirit   .   (no helmet)
rElec    .         Reflect  .   (no cloak)
rCorr    .         Harm     .   (no gloves)
MR       .....                  (no boots)
Stlth    ..........             (no amulet)
HPRegen  0.20/turn              g - ring of stealth
MPRegen  0.12/turn              (no ring)

@: lethally poisoned (0 -> -24)
A: claws 2, iridescent scales 1, cold resistance 1, demonic guardian 1, frail 1,
high mp 1, freezing cloud immunity
a: Heroism, Renounce Religion


You were on level 8 of the Dungeon.
You worshipped Okawaru.
Okawaru was pleased with you.
You were hungry.

You visited 2 branches of the dungeon, and saw 9 of its levels.

You collected 420 gold pieces.
You spent 102 gold pieces at shops.

Inventory:

Hand Weapons
 a - a +0 long sword (weapon)
Armour
 b - a +1 scale mail of poison resistance
 c - a +0 large shield (worn)
 l - a +0 plate armour (worn)
Jewellery
 g - a ring of stealth (left claw)
 j - an uncursed ring of stealth
Wands
 m - a wand of random effects (25)
 t - a wand of polymorph (3)
 u - a wand of iceblast (11)
Scrolls
 e - 2 scrolls of remove curse {unknown}
 i - 7 scrolls of teleportation
 k - 2 scrolls of noise
 n - 3 scrolls of amnesia {unknown}
 r - 3 scrolls of immolation {unknown}
 w - a scroll of magic mapping {unknown}
 x - a scroll of identify
 y - a scroll of random uselessness {unknown}
 A - a scroll of enchant armour {unknown}
Potions
 d - a potion of might
 h - 3 potions of brilliance
 o - 2 potions of haste
 q - a potion of flight
 s - a potion of berserk rage
 z - 3 potions of invisibility
Comestibles
 f - 9 rations


   Skills:
 + Level 5.0 Fighting
 + Level 6.1 Long Blades
 + Level 5.4 Armour
 + Level 1.6 Dodging
 + Level 1.3 Stealth
 + Level 6.8 Shields
 + Level 0.2 Unarmed Combat
 + Level 0.2 Invocations


You had 8 spell levels left.
You didn't know any spells.
Your spell library was empty.

Dungeon Overview and Level Annotations

Branches:
Dungeon (8/15)             Temple (1/1) D:5
   Lair: D:8-11

Altars:
Cheibriados
Dithmenos
Elyvilon
Fedhas
Gozag
Hepliaklqana
Kikubaaqudgha
Makhleb
Nemelex Xobeh
Okawaru
Qazlal
Ru
Sif Muna
Trog
Uskayaw
Vehumet
Wu Jian
Xom
Yredelemnul
Zin
The Shining One

Shops:
D:4 }}=*(   D:7 :


Innate Abilities, Weirdness & Mutations

You have very sharp fingernails.
You are partially covered in iridescent scales. (AC +2)
Your flesh is cold resistant. (rC+)
A weak demonic guardian rushes to your aid.
You are immune to freezing clouds.
You are frail. (-10% HP)
You have an increased reservoir of magic. (+10% MP)


Message History

* * * LOW HITPOINT WARNING * * *
You feel sick. The killer bee misses your ufetubus.
You hear an angry buzzing noise.
The killer bee barely misses your ufetubus.
Your ufetubus hits the killer bee.
Your ufetubus closely misses the killer bee.
The killer bee stings your ufetubus!
Your ufetubus dies!
You hear an angry buzzing noise.
The killer bee buzzes angrily.
It was a potion of mutation.
You feel extremely strange.
You feel frail.
You feel more energetic.
* * * LOW HITPOINT WARNING * * *
You feel sick.
You hear an angry buzzing noise. x2
The killer bee stings you!
* * * LOW HITPOINT WARNING * * *
You are more poisoned.
The killer bee poisons you!
You hear an angry buzzing noise.
You die...

#.# ####.# #....##
......### #...y##
##.....###
#...y##yy###
#..).###yyy## ##
#..[@#####.y### ####.
##.......###y.Z###....
#....)....####y..Zy...
#.........# ###y.y...
#.......<.# ##y..#.
##........# #...##
#..####..# #..## #.[
#### #..# #... #...


You could see 2 killer bees.

Vanquished Creatures
  Grinder (D:6)
  A wraith (D:7)
  An orc warrior (D:8)
  A sky beast (D:5)
  A phantom (D:6)
  A centaur (D:6)
  A bullfrog (D:6)
  2 scorpions (D:8)
  A killer bee (D:8)
  2 crimson imps
  A bullfrog zombie (D:5)
  4 hounds
  2 bullfrog skeletons (D:5)
  A centaur skeleton (D:6)
  A jelly (D:6)
  Ijyb (D:3)
  3 worker ants
  3 iguanas
  Robin (D:2)
  5 gnolls (D:6)
  7 adders
  2 shadow imps
  An ooze (D:2)
  An adder skeleton (D:6)
  2 worms
  4 dart slugs
  3 leopard geckos
  13 orcs
  A ball python (D:2)
  7 bats
  5 giant cockroaches
  20 goblins
  12 hobgoblins
  7 jackals
  A ball python skeleton (D:4)
  9 frilled lizards
  A jackal skeleton (D:5)
  4 kobolds
  A quokka zombie (D:7)
  5 rats
140 creatures vanquished.

Vanquished Creatures (collateral kills)
  Eustachio (D:6)
  A black bear (D:6)
  2 ice beasts (D:6)
  2 centaurs
  A crimson imp (D:5)
  A gnoll shaman (D:6)
  An orc wizard (D:8)
  A killer bee zombie (D:6)
  A leopard gecko (D:6)
  A jackal skeleton (D:6)
12 creatures vanquished.

Grand Total: 152 creatures vanquished

Notes
Turn   | Place    | Note
-------+----------+-------------------------------------------
     0 | D:1      | Peloso the Demonspawn Fighter began the quest for the Orb.
     0 | D:1      | Reached XP level 1. HP: 18/18 MP: 1/1
   220 | D:1      | Gained mutation: Your flesh is cold resistant. (rC+)
                  | [demonic ancestry]
   220 | D:1      | Reached XP level 2. HP: 24/24 MP: 2/2
   703 | D:2      | Noticed Robin
   722 | D:1      | Reached XP level 3. HP: 12/29 MP: 3/3
  1100 | D:2      | Killed Robin
  1369 | D:2      | Reached XP level 4. HP: 35/35 MP: 4/4
  2059 | D:3      | Found a sparkling altar of Nemelex Xobeh.
  2292 | D:3      | Noticed Ijyb
  2305 | D:3      | Killed Ijyb
  2305 | D:3      | Gained mutation: You are immune to freezing clouds.
                  | [demonic ancestry]
  2305 | D:3      | Reached XP level 5. HP: 26/41 MP: 5/5
  2427 | D:3      | Reached skill level 1 in Dodging
  3217 | D:4      | Found Legiavir's Antique Weapon Emporium.
  3292 | D:4      | Found a blossoming altar of Fedhas.
  3340 | D:4      | Found Paten's Jewellery Emporium.
  3343 | D:4      | Found Roebleg's Gadget Emporium.
  3375 | D:4      | Found Xaetrer's Gadget Shoppe.
  3420 | D:4      | Gained mutation: A weak demonic guardian rushes to your
                  | aid. [demonic ancestry]
  3420 | D:4      | Reached XP level 6. HP: 29/47 MP: 6/6
  3466 | D:4      | Found Tebras's Assorted Antiques.
  3496 | D:4      | Bought a fuming orange potion for 20 gold pieces
  3496 | D:4      | Bought 2 yellow potions for 41 gold pieces
  3496 | D:4      | Bought 2 emerald potions for 41 gold pieces
  4054 | D:5      | Entered Level 5 of the Dungeon
  4198 | D:5      | Noticed a sky beast
  4229 | D:5      | Killed a sky beast
  4229 | D:5      | Gained mutation: You are partially covered in iridescent
                  | scales. (AC +2) [demonic ancestry]
  4229 | D:5      | Reached XP level 7. HP: 18/54 MP: 7/7
  4548 | D:5      | Found a shadowy altar of Dithmenos.
  4548 | D:5      | Found a stormy altar of Qazlal.
  4551 | D:5      | Found a white marble altar of Elyvilon.
  4659 | D:5      | Reached skill level 1 in Stealth
  4661 | D:5      | Found a staircase to the Ecumenical Temple.
  4762 | Temple   | Entered the Ecumenical Temple
  4802 | Temple   | Became a worshipper of Warmaster Okawaru
  5256 | D:5      | Found a basalt altar of Yredelemnul.
  5256 | D:5      | Found a glowing silver altar of Zin.
  5256 | D:5      | Found a hazy altar of Hepliaklqana.
  5449 | D:6      | Reached skill level 5 in Shields
  5461 | D:6      | Noticed Grinder
  5632 | D:6      | Killed Grinder
  5632 | D:6      | Reached * piety under Okawaru
  5632 | D:6      | Reached skill level 5 in Long Blades
  5632 | D:6      | Gained mutation: You have sharp fingernails. [demonic
                  | ancestry]
  5632 | D:6      | Reached XP level 8. HP: 61/61 MP: 8/8
  6566 | D:6      | Reached skill level 5 in Armour
  6769 | D:6      | Found a snail-covered altar of Cheibriados.
  6769 | D:6      | Noticed Eustachio
  6892 | D:6      | Killed Eustachio
  7086 | D:7      | Found Xuorazot's Book Boutique.
  7298 | D:7      | Found an opulent altar of Gozag.
  7380 | D:7      | Reached ** piety under Okawaru
  7471 | D:7      | Found a radiant altar of Vehumet.
  7472 | D:7      | Found a burning altar of Makhleb.
  7779 | D:8      | Reached skill level 5 in Fighting
  8052 | D:8      | Gained mutation: You have very sharp fingernails. [demonic
                  | ancestry]
  8052 | D:8      | Reached XP level 9. HP: 65/68 MP: 9/9
  8061 | D:8      | Noticed a queen bee
  8097 | D:8      | Gained mutation: You are frail. (-10% HP) [potion of
                  | mutation]
  8097 | D:8      | Gained mutation: You have an increased reservoir of magic.
                  | (+10% MP) [potion of mutation]
  8097 | D:8      | HP: 2/61 [killer bee (12)]
  8098 | D:8      | Succumbed to a killer bee's poison

Levels and vault maps discovered:
D:1:      dpeg_arrival_lava_temple_mockup, layout_basic
D:2:      layout_loops_corners, nrook_loot_triangle, uniq_robin
D:3:      layout_basic, old_standard_altar, first_ration, uniq_ijyb
D:4:      layout_cave_pods, old_standard_altar, serial_shops, shop_coins,
          nicolae_shop_stone, nicolae_shop_stone, shop_statue, shop
D:5:      layout_layer_cave, gammafunk_temple_overflow_claw,
          grunt_temple_overflow_open, temple_fountains
D:6:      layout_basic, cheibrodos_worm_habitat, uniq_grinder, uniq_eustachio
D:7:      layout_loops_ring, grunt_temple_overflow_lords_of_destruction,
          nicolae_overflow_hidden_temple, serial_shops, shop_fountains
D:8:      layout_cave_pods, david_nohive_1, elyvilon_altar_1, uniq_gastronok,
          uniq_prince_ribbit1
Temple:   compressed_dpeg_triangle_lava_temple

Skill      XL: |  1  2  3  4  5  6  7  8 |
---------------+-------------------------+-----
Long Blades    | 2 3 4 5 6 |  6.1
Armour         | 3 4 5 |  5.4
Shields        | 3 4 5 6 |  6.8
Dodging        | 1 |  1.6
Fighting       | 4 5 |  5.0
Stealth        | 1 |  1.3
Unarmed Combat | |  0.2
Invocations    | |  0.2

Action                   |  1- 3 |  4- 6 |  7- 9 || total
-------------------------+-------+-------+-------++-------
Melee: Long sword        |   111 |   316 |   380 ||   807
       Unarmed           |       |       |     7 ||     7
Invok: Heroism           |       |       |     5 ||     5
  Use: Potion            |     4 |     2 |     2 ||     8
       Scroll            |     3 |     4 |       ||     7
 Stab: Distracted        |       |     1 |     1 ||     2
  Eat: Chunk             |     1 |     9 |     4 ||    14
       Ration            |       |       |     3 ||     3
Armor: Scale mail        |    56 |     9 |       ||    65
       Chain mail        |       |   117 |       ||   117
       Plate armour      |       |    75 |   226 ||   301
       Skin              |       |       |    15 ||    15
Dodge: Dodged            |    26 |    30 |    42 ||    98
Block: Large shield      |   103 |   283 |   393 ||   779
       Rpst.: Long sword |    10 |     5 |     7 ||    22
